 Dungeon Crawl Stone Soup version 0.27-a0-1140-g099f9bb0e8 (webtiles) character file.

Game seed: 1524285799491680893

196 tilp the Chiller (level 5, -1/38 HPs)
             Began as a Demigod Ice Elementalist on May 9, 2021.
             Slain by a wraith (5 damage)
             ... on level 3 of the Dungeon.
             The game lasted 00:06:30 (3113 turns).

tilp the Chiller (Demigod Ice Elementalist)         Turns: 3113, Time: 00:06:30

Health: -1/38      AC:  9    Str:  9    XL:     5   Next: 21%
Magic:  10/13      EV: 12    Int: 21    God:
Gold:   82         SH:  5    Dex: 12    Spells: 2/10 levels left

rFire    . . .     SeeInvis .   a - +1 dagger
rCold    . . .     Faith    .   (no shield)
rNeg     . . .     Spirit   .   b - +0 robe
rPois    +         Reflect  +   (no helmet)
rElec    .         Harm     .   (no cloak)
rCorr    .         Rampage  .   (no gloves)
Will     .....                  (no boots)
Stlth    ++........             o - amulet of reflection
HPRegen  0.12/turn              g - ring of poison resistance
MPRegen  0.13/turn              (no ring)

@: ice-armoured, flying, hasted and slowed
A: high mp 1, forlorn, clumsy 1
a: no special abilities


You were on level 3 of the Dungeon.
You visited 1 branch of the dungeon, and saw 4 of its levels.

You collected 82 gold pieces.

Inventory:

Hand Weapons
 a - a +1 dagger (weapon)
Missiles
 c - 10 poisoned darts (quivered)
 f - 22 stones
Armour
 b - a +0 robe (worn)
Magical Staves
 m - a staff of death
Jewellery
 g - a ring of poison resistance (left hand)
 o - an amulet of reflection (around neck)
Scrolls
 e - 4 scrolls of teleportation
 l - a scroll of magic mapping
Potions
 h - 2 potions of cancellation
 j - 3 potions of mutation
 q - a potion of lignification {unknown}


   Skills:
 - Level 2.0 Dodging
 - Level 2.0 Stealth
 + Level 3.4 Spellcasting
 + Level 5.1 Ice Magic


You had 2 spell levels left.
You knew the following spells:

 Your Spells              Type           Power      Damage    Failure   Level
a - Freeze                Ice            100%       1d11      1%          1
b - Frozen Ramparts       Ice            50%        1d7       4%          3
c - Ozocubu's Armour      Ice            25%        N/A       4%          3
d - Animate Skeleton      Necr           6%         N/A       13%         1

Your spell library contained the following spells:

 Spells                   Type           Power      Damage    Failure   Level
 Apportation              Tloc           6%         N/A       13%         1
 Corona                   Hex            3%         N/A       13%         1
 Summon Small Mammal      Summ           12%        N/A       13%         1
 Static Discharge         Conj/Air       3%         N/A       19%         2
 Hailstorm                Conj/Ice       14%        3d5       41%         4
 Metabolic Englaciation   Hex/Ice        7%         N/A       77%         5
 Lightning Bolt           Conj/Air       1%         1d12      98%         5
 Ignition                 Fire           1%         3d3       100%        8
 Shatter                  Erth           1%         3d6*      100%        9
 Tornado                  Air            1%         N/A       100%        9


Dungeon Overview and Level Annotations

Branches:
Dungeon (4/15)
 Temple: D:4-7

Annotations:
D:3 exclusion: phantom


Innate Abilities, Weirdness & Mutations

Your attributes grow dramatically as you level up.
You have an increased reservoir of magic. (+10% MP)
You shall have no god before yourself.
You are clumsy. (Dex -2)


Message History

The wraith is severely damaged.
The wraith misses you.
You hit the wraith but do no damage.
The wraith is severely damaged.
The wraith barely misses you. The wraith hits you.
The wraith drains your vigour!
You feel as though you will be slow longer.
You hit the wraith but do no damage.
The wraith is severely damaged.
The wraith hits you.
* * * LOW HITPOINT WARNING * * *
The wraith drains your vigour!
You feel as though you will be slow longer.
Casting: Frozen Ramparts (dangerous; 4% risk of failure)
Confirm with . or Enter, or press ? or * to list all spells.
Aiming: Freeze (safe; 1% risk of failure)
Press: ? - help, Shift-Dir - straight line, f - wraith
Aim: a wraith (severely damaged)
You freeze the wraith.
The wraith resists.
The wraith is severely damaged.
The wraith closely misses you. The wraith hits you!
* * * LOW HITPOINT WARNING * * *
The wraith drains your vigour!
You feel as though you will be slow longer.
Unknown command.
It was a potion of mutation.
You feel extremely strange.
You feel clumsy. The wraith hits you but does no damage.
You feel better. The wraith closely misses you.
The wraith completely misses you.
You feel yourself speed up. The wraith hits you.
* * * LOW HITPOINT WARNING * * *
Unknown command.
You hit the wraith but do no damage.
The wraith is severely damaged.
You block the wraith's attack.
It was a potion of flight.
You feel very buoyant.
You fly up into the air.
The wraith hits you.
You die...

##### ##...## #### ##.....##
...## #.......#### ....##
#.......##.. .....#
#####.......##.. .....#
##########..........###..
.....####.......W...........##...
.....#.......)..@#####...........
......^..###.....# #........#..
.....##### #.....# #........#..
.....# #.....# ##......##..#
..._.# ##.....####..#...##..##
.....# ##......##.......†##.##
.....# ###..##.##...#.####....#
....####.[.###.##.###.####....#
.....##..####..............#..#


You could see a wraith.

Vanquished Creatures
  A gnoll shaman (D:3)
  An orc priest (D:3)
  An orc wizard (D:3)
  4 gnolls (D:3)
  2 worms (D:3)
  2 dart slugs (D:3)
  6 orcs (D:3)
  7 ball pythons
  2 endoplasms
  6 goblins
  4 hobgoblins
  5 jackals
  2 kobolds
  3 quokkas
  8 bats
  A frilled lizard (D:2)
  9 rats
64 creatures vanquished.

Notes
Turn   | Place    | Note
-------+----------+-------------------------------------------
     0 | D:1      | tilp the Demigod Ice Elementalist began the quest for the
                  | Orb.
     0 | D:1      | Reached XP level 1. HP: 14/14 MP: 5/5
   596 | D:1      | Reached skill level 4 in Ice Magic
   596 | D:1      | Reached XP level 2. HP: 20/20 MP: 4/7
  1453 | D:2      | Reached XP level 3. HP: 26/26 MP: 5/8
  1630 | D:2      | Learned a level 3 spell: Frozen Ramparts
  1773 | D:3      | Noticed a phantom
  2004 | D:3      | Noticed a necrophage
  2484 | D:3      | Reached XP level 4. HP: 28/33 MP: 1/10
  2641 | D:3      | Learned a level 3 spell: Ozocubu's Armour
  2643 | D:3      | Learned a level 1 spell: Animate Skeleton
  2875 | D:3      | Reached skill level 5 in Ice Magic
  2875 | D:3      | Reached XP level 5. HP: 34/38 MP: 8/12
  3060 | D:4      | Noticed an ogre
  3060 | D:4      | Noticed an ogre
  3083 | D:4      | Noticed a wraith
  3108 | D:3      | HP: 1/38 [wraith (14)]
  3109 | D:3      | Gained mutation: You are clumsy. (Dex -2) [potion of
                  | mutation]
  3113 | D:3      | Slain by a wraith

Illustrated notes

Levels and vault maps discovered:
D:1:      eino_arrival_water_star, layout_rooms, ebering_ecumenical_altar_mist
D:2:      layout_loops_ring, nicolae_underground_beach
D:3:      layout_rooms, bloody_makhleb, nicolae_qazlal_eye_of_the_storm,
          lemuel_crystal_altar
D:4:      layout_cave_pools, nicolae_wu_jian_immortal_techniques,
          overflow_temple_1_default

Skill      XL: |  1  2  3  4 |
---------------+-------------+-----
Spellcasting   | 2 3 |  3.4
Ice Magic      | 4 5 |  5.1
Stealth        | 2 |  2.0
Dodging        | 2 |  2.0

Action                   |  1- 3 |  4- 6 || total
-------------------------+-------+-------++-------
Melee: Unarmed           |     7 |       ||     7
       Dagger            |     8 |    19 ||    27
Throw: Dart              |     1 |    12 ||    13
 Cast: Freeze            |    64 |    11 ||    75
       Frozen Ramparts   |     2 |     5 ||     7
       Ozocubu's Armour  |       |     2 ||     2
  Use: Scroll            |     7 |       ||     7
       Potion            |       |     5 ||     5
 Stab: Sleeping          |     1 |       ||     1
Armor: Robe              |     8 |     7 ||    15
Dodge: Dodged            |    34 |    20 ||    54
Block: Other             |       |     5 ||     5

Table legend: (Time is in decaauts)
 A = Elapsed time spent in this place.
 B = Non-inter-level travel time spent in this place.
 C = Inter-level travel time spent in this place.
 D = Time resting spent in this place.
 E = Time spent auto-exploring this place.
 F = Levels seen in this place.
 G = Mean time per level.
                   A        B        C        D        E       F      G
               +--------+--------+--------+--------+--------+-----+--------+
         Total |   3128 |   2946 |    182 |    776 |   1649 |   4 |  782.0 |
       Dungeon |   3128 |   2946 |    182 |    776 |   1649 |   4 |  782.0 |
               +--------+--------+--------+--------+--------+-----+--------+

Top non-repeatable levels by time:
     D:3: 1375 daAuts
     D:2: 890 daAuts
     D:1: 853 daAuts
     D:4: 9 daAuts
